 Dungeon Crawl Stone Soup version 0.19.5 (webtiles) character file.

4104 Enroth the Thaumaturge (level 10, -1/51 HPs)
             Began as a Deep Elf Summoner on Apr 9, 2017.
             Was the Champion of Okawaru.
             Killed from afar by Maurice (19 damage)
             ... with a wand of acid
             ... on level 9 of the Dungeon.
             The game lasted 01:07:45 (9371 turns).

Enroth the Thaumaturge (Deep Elf Summoner)          Turns: 9371, Time: 01:07:46

Health: -1/51      AC:  4    Str:  5    XL:     10   Next: 6%
Magic:  26/35      EV: 15    Int: 29    God:    Okawaru [******]
Gold:   476        SH:  6    Dex: 18    Spells: 4 memorised, 16 levels left

rFire  + . .     SeeInvis .     F - staff of wizardry
rCold  . . .     Gourm    .     D - +1 robe {MR+}
rNeg   . . .     Faith    .     J - +2 buckler
rPois  .         Spirit   .     j - +0 helmet
rElec  .         Reflect  .     k - +0 cloak
rCorr  .         Harm     .     y - +2 pair of gloves {Dex+3}
MR     ++...                    (no boots)
Stlth  +++.......               h - amulet of magic regeneration
                                K - +3 ring of intelligence
                                s - ring of magical power

@: corroded
A: repulsion field 1, clever 1, fire resistance 1
a: Heroism, Finesse, Renounce Religion


You were on level 9 of the Dungeon.
You worshipped Okawaru.
Okawaru was exalted by your worship.
You were not hungry.

You visited 1 branch of the dungeon, and saw 9 of its levels.
You also visited: Bailey.

You collected 651 gold pieces.
You spent 175 gold pieces at shops.

Inventory:

Hand Weapons
 C - a +2 halberd of protection
Missiles
 l - 2 throwing nets (quivered)
Armour
 j - a +0 helmet (worn)
 k - a +0 cloak (worn)
 x - a +0 buckler of positive energy
 y - a +2 pair of gloves of dexterity (worn)
 D - a +1 robe of magic resistance (worn)
 E - a +0 robe of cold resistance
 G - a +0 troll leather armour
 J - a +2 buckler (worn)
Magical Staves
 F - an uncursed staff of wizardry (weapon)
Jewellery
 h - an amulet of magic regeneration (around neck)
 s - a ring of magical power (left hand)
 u - an uncursed ring of flight
 K - a +3 ring of intelligence (right hand)
Wands
 a - a wand of disintegration (11/24)
 e - a wand of disintegration (9/24)
 m - a wand of hasting (8/9)
 B - a wand of digging (18/24)
 I - a wand of enslavement (8/24)
Scrolls
 d - a scroll of fog
 f - 4 scrolls of teleportation
 o - 2 scrolls of remove curse
 t - 3 scrolls of amnesia
 L - a scroll of enchant weapon
Potions
 g - 2 potions of haste
 i - 3 potions of might
 p - a potion of brilliance
 r - a potion of magic
 z - 2 potions of flight
Books
 b - a book of Callings

   Spells                             Type                      Level
   a - Summon Small Mammal            Summoning                    1
   b - Call Imp                       Summoning                    2
   c - Call Canine Familiar           Summoning                    3
   d - Summon Guardian Golem          Hexes/Summoning              3
   e - Summon Lightning Spire         Summoning/Air                4
   f - Summon Ice Beast               Ice/Summoning                4
Comestibles
 c - 9 bread rations
 q - 4 meat rations
 v - 7 slices of pizza
 w - 3 beef jerkies
 A - 4 fruits


   Skills:
 + Level 0.7 Fighting
 - Level 0.1(0.3) Polearms
 + Level 0.8 Staves
 + Level 3.4 Dodging
 + Level 4.4 Stealth
 * Level 1.2 Shields
 + Level 10.2 Spellcasting
 + Level 1.0 Hexes
 + Level 9.4 Summonings
 + Level 9.2 Ice Magic
 + Level 1.2 Air Magic
 + Level 1.2 Evocations


You had 16 spell levels left.
You knew the following spells:

 Your Spells              Type           Power        Failure   Level  Hunger
a - Summon Lightning Spi  Summ/Air       #####...     3%          4    None
b - Call Imp              Summ           ######..     1%          2    None
c - Summon Ice Beast      Ice/Summ       ######..     1%          4    None
d - Summon Guardian Gole  Hex/Summ       #####...     1%          3    None


Dungeon Overview and Level Annotations

Branches:
Dungeon (9/15)             Temple (0/1) D:6             Orc (0/2) D:9
   Lair: D:8-11

Altars:
Ashenzari
Cheibriados
Gozag
Makhleb
Okawaru
Trog
Uskayaw
Yredelemnul

Shops:
D:4 ?   D:8 !

Annotations:
D:9 Maurice


Innate Abilities, Weirdness & Mutations

You are surrounded by a mild repulsion field. (EV +2)
Your mind is acute. (Int +2)
Your flesh is heat resistant. (rF+)


Message History

You hear a zap.
A bolt of acid appears from out of thin air!
The bolt of acid hits your ice beast.
Your ice beast is splashed with acid.
The acid corrodes your ice beast! The bolt of acid hits you!
You are splashed with acid!
The acid burns!
The bolt of acid hits your guardian golem.
Your guardian golem is splashed with acid.
The acid corrodes your guardian golem!
Your guardian golem is destroyed!
Something hits your ice beast.
Found a potion of cure mutation.
You hear a zap.
A bolt of acid appears from out of thin air!
The bolt of acid hits your ice beast.
Your ice beast is splashed with acid.
The acid corrodes your ice beast! The bolt of acid misses you.
You hear a zap.
A bolt of acid appears from out of thin air!
The bolt of acid hits your ice beast.
Your ice beast is splashed with acid.
The acid corrodes your ice beast! The bolt of acid hits you!
You die...

!. ##. ⌠.
######.######
...##...##.#
..##....#.# #.#
#..<#.#
#.###.Y)#.#
########...@.Y.8.#
#.......######{###
# #.......# #.#
##.###.......# #.#
#.##.........# #.#
...#.#.......# ..#
...#.#.......# ###
.............#
......#######.#


You could see 2 friendly ice beasts and a friendly lightning spire.

Vanquished Creatures
  3 wights
  A howler monkey (D:6)
  A howler monkey skeleton (D:7)
  3 orcs
  A giant cockroach (D:7)
  3 jackals
  A quokka (D:2)
  4 bats
  A frilled lizard (D:2)
  A leopard gecko zombie (D:8)
  A quokka skeleton (D:6)
  A rat (D:2)
21 creatures vanquished.

Vanquished Creatures (collateral kills)
  An orc knight (Bailey)
  Psyche (D:8)
  A troll (D:9)
  2 two-headed ogres
  The ghost of Sanvar the Changer, an amateur OpTm (D:4)
  A human (D:7)
  4 hogs (D:7)
  Menkaure (D:7)
  Edmund (D:5)
  A water moccasin (D:6)
  3 ice beasts
  5 sky beasts
  3 black bears
  A phantom (D:8)
  12 orc warriors
  5 ogres
  2 centaurs (D:5)
  8 bullfrogs
  4 big kobolds
  4 gnoll sergeants (D:9)
  A wyvern skeleton (D:7)
  2 scorpions
  4 wights
  5 killer bees (D:8)
  3 howler monkeys
  2 bullfrog zombies
  4 crimson imps
  A centaur skeleton (D:8)
  A jelly (D:5)
  2 orc priests (D:8)
  4 hounds
  4 orc wizards
  8 worker ants
  3 adders
  17 gnolls
  A shadow imp (D:8)
  An ooze (D:4)
  4 worms
  4 dart slugs
  2 leopard geckos
  19 orcs
  3 giant cockroaches
  12 goblins
  17 hobgoblins
  8 jackals
  26 kobolds
  2 quokkas
  A ball python (D:7)
  6 bats
  4 frilled lizards
  5 rats
237 creatures vanquished.

Grand Total: 258 creatures vanquished

Notes
Turn   | Place    | Note
-------+----------+-------------------------------------------
     0 | D:1      | Enroth the Deep Elf Summoner began the quest for the Orb.
     0 | D:1      | Reached XP level 1. HP: 10/10 MP: 6/6
   524 | D:1      | Reached XP level 2. HP: 15/15 MP: 8/8
   528 | D:1      | Learned a level 2 spell: Call Imp
   832 | D:2      | Found a basalt altar of Yredelemnul.
   910 | D:2      | Reached skill level 5 in Summonings
  1072 | D:2      | Found a shattered altar of Ashenzari.
  1141 | D:2      | Found a burning altar of Makhleb.
  1257 | D:2      | Reached XP level 3. HP: 19/19 MP: 10/10
  1921 | D:3      | Found a snail-covered altar of Cheibriados.
  2134 | D:3      | Reached skill level 4 in Spellcasting
  2154 | D:3      | Reached XP level 4. HP: 16/24 MP: 12/12
  2160 | D:3      | Learned a level 4 spell: Summon Ice Beast
  2161 | D:3      | Found an iron altar of Okawaru.
  2169 | D:3      | Became a worshipper of Warmaster Okawaru
  2592 | D:4      | Found Foer's Magic Scroll Shop.
  2600 | D:4      | Bought a scroll of amnesia for 35 gold pieces
  2600 | D:4      | Bought a scroll of identify for 20 gold pieces
  2600 | D:4      | Bought a scroll of identify for 20 gold pieces
  2600 | D:4      | Bought a scroll of enchant armour for 75 gold pieces
  2618 | D:4      | Noticed an ogre
  2640 | D:4      | Killed an ogre
  2640 | D:4      | Reached skill level 1 in Ice Magic
  2660 | D:4      | Noticed a bullfrog
  2670 | D:4      | Killed a bullfrog
  2670 | D:4      | Reached XP level 5. HP: 21/28 MP: 13/13
  2961 | D:4      | Reached * piety under Okawaru
  3004 | D:4      | Noticed Sanvar's ghost (amateur OpTm)
  3009 | D:4      | Killed Sanvar's ghost
  3009 | D:4      | Reached ** piety under Okawaru
  3009 | D:4      | Reached skill level 5 in Spellcasting
  3009 | D:4      | Reached XP level 6. HP: 32/32 MP: 15/15
  3196 | D:4      | Noticed an ice beast
  3223 | D:4      | Killed an ice beast
  3785 | D:5      | Entered Level 5 of the Dungeon
  3790 | D:5      | Noticed an ice beast
  3826 | D:5      | Killed an ice beast
  3924 | D:5      | Reached *** piety under Okawaru
  3924 | D:5      | Reached skill level 6 in Spellcasting
  3978 | D:5      | Reached XP level 7. HP: 36/36 MP: 18/18
  4000 | D:5      | Noticed Edmund
  4005 | D:5      | Killed Edmund
  4784 | D:6      | Found a bloodstained altar of Trog.
  4789 | D:6      | Reached skill level 7 in Spellcasting
  4800 | D:6      | Reached **** piety under Okawaru
  4901 | D:6      | Found an opulent altar of Gozag.
  4952 | D:6      | Noticed a two-headed ogre
  4961 | D:6      | Killed a two-headed ogre
  4961 | D:6      | Reached XP level 8. HP: 41/41 MP: 21/21
  5149 | D:6      | Reached skill level 5 in Ice Magic
  5194 | D:6      | Reached ***** piety under Okawaru
  5348 | D:6      | Found a staircase to the Ecumenical Temple.
  5592 | D:7      | Found a flagged portal.
  5600 | Bailey   | Entered a bailey
  5766 | Bailey   | Noticed an orc knight
  6245 | Bailey   | Killed an orc knight
  6245 | Bailey   | Reached skill level 8 in Spellcasting
  6245 | Bailey   | Reached skill level 1 in Evocations
  6527 | D:7      | Received a gift from Okawaru
  6968 | D:7      | Reached XP level 9. HP: 44/46 MP: 23/23
  7171 | D:7      | Noticed Menkaure
  7192 | D:7      | Killed Menkaure
  7557 | D:7      | Reached skill level 9 in Spellcasting
  7696 | D:8      | Found Muhusiot's Distillery.
  7704 | D:8      | Bought a potion of mutation for 25 gold pieces
  7704 | D:8      | Gained mutation: Your flesh is heat resistant. (rF+) [potion of mutation]
  7704 | D:8      | Gained mutation: Your mind is acute. (Int +2) [potion of mutation]
  7704 | D:8      | Gained mutation: You are surrounded by a mild repulsion field. (EV +2) [potion of mutation]
  7838 | D:8      | Noticed Psyche
  7872 | D:8      | Killed Psyche
  8377 | D:8      | Received a gift from Okawaru
  8895 | D:9      | Received a gift from Okawaru
  8951 | D:9      | Reached skill level 10 in Spellcasting
  8989 | D:8      | Learned a level 4 spell: Summon Lightning Spire
  8993 | D:8      | Learned a level 3 spell: Summon Guardian Golem
  9082 | D:9      | Noticed a troll
  9087 | D:9      | Killed a troll
  9136 | D:9      | Reached ****** piety under Okawaru
  9150 | D:9      | Reached skill level 1 in Air Magic
  9154 | D:9      | Reached skill level 1 in Hexes
  9154 | D:9      | Reached XP level 10. HP: 24/51 MP: 17/26
  9186 | D:9      | Reached skill level 1 in Shields
  9223 | D:9      | Found a staircase to the Orcish Mines.
  9261 | D:9      | Identified a scroll of acquirement
  9332 | D:9      | Found a hide-covered altar of Uskayaw.
  9351 | D:9      | Noticed Maurice
  9371 | D:9      | Killed from afar by Maurice

Skill      XL: |  1  2  3  4  5  6  7  8  9 10 |
---------------+-------------------------------+-----
Summonings     | 5 6 7 8 9 |  9.4
Spellcasting   | 4 5 6 7 8 10 | 10.2
Ice Magic      | 1 2 3 4 7 9 |  9.2
Stealth        | 3 4 |  4.4
Dodging        | 3 |  3.4
Evocations     | 1 |  1.2
Air Magic      | 1 |  1.2
Hexes          | 1 |  1.0
Shields        | 1 |  1.2
Fighting       | |  0.7
Polearms       | |  0.1
Staves         | |  0.8

Action                   |  1- 3 |  4- 6 |  7- 9 | 10-12 || total
-------------------------+-------+-------+-------+-------++-------
Melee: Unarmed           |     1 |       |       |       ||     1
       Spear             |    49 |    16 |       |       ||    65
       Whip              |     4 |       |       |       ||     4
       Halberd           |       |       |    52 |       ||    52
       Staff             |       |       |    16 |       ||    16
 Cast: Summon Small Mamm |    15 |       |       |       ||    15
       Call Imp          |    37 |    53 |     2 |       ||    92
       Summon Ice Beast  |       |       |   107 |     6 ||   113
       Summon Guardian G |       |       |     5 |     1 ||     6
       Summon Lightning  |       |       |     4 |     3 ||     7
 Abil: Evoke Flight      |       |       |     2 |       ||     2
  Use: Scroll            |       |     7 |    14 |     3 ||    24
       Potion            |       |     7 |     3 |     1 ||    11
 Stab: Sleeping          |     4 |       |     3 |       ||     7
       Distracted        |       |     1 |     1 |       ||     2
  Eat: Chunk             |    15 |     8 |     8 |     1 ||    32
       Fruit             |       |       |     3 |       ||     3
       Beef jerky        |       |       |     1 |       ||     1
Armor: Robe              |    14 |     5 |    24 |       ||    43
Dodge: Dodged            |    45 |    16 |    71 |     3 ||   135
Block: Buckler           |       |       |     2 |       ||     2
